Match 47391737
Unlisted

Match 47391737
End
Selects Australian Defense Battlegroup
Selects Australian Light Infantry Section
Australian Light Infantry Section
Construct Section Command Post
Dingo Light Scout Car
Australian Light Infantry Section
Vickers Machine Gun Team
Construct Platoon Command Post
Humber Armored Car
Humber Armored Car
Infantry Section
6-pounder Anti-tank Gun Team
Royal Engineer Section
Construct Company Command Post
Selects CMP 15cwt Supply Run
Selects Reinforced Resource Caches
Matilda II Heavy Tank
Foot Guards Section
Matilda II Heavy Tank
Infantry Training
Selects Archer Tank Destroyer
Foot Guards Section
Archer Tank Destroyer
Selects Defensive Tactics
Archer Tank Destroyer
RtN.momo4sho
Havoc
From Voodoo to Zen
Timeless
0
0

Comments sign in to comment!

No comments posted yet!